TOP OF THE 1ST |
Kelowna Heat batting - Pitching for Calgary Flames : RHP Alberto Cuevas
|
Pitching: RHP Alberto Cuevas
|
|
Batting: LHB Mason Duffy
|
0-0: Swinging Strike 0-1: Foul Ball, location: 2F 0-2: Ball 1-2: Fly out, F4 (Line Drive, 4, EV 69.4 MPH)
|
Batting: RHB Tony Harper
|
0-0: Called Strike 0-1: Foul Ball, location: 2F 0-2: Ball 1-2: Strikes out swinging
|
Batting: LHB Steve Nevis
|
0-0: Called Strike 0-1: SINGLE (Flyball, 89S, EV 90.0 MPH)
|
Batting: LHB Chris West
|
0-0: Called Strike 0-1: Foul Ball, location: 2F 0-2: Foul Ball, location: 2F 0-2: Strikes out swinging
|
Top of the 1st over - 0 runs, 1 hit, 0 errors, 1 left on base; Kelowna 0 - Calgary 0 |
BOTTOM OF THE 1ST |
Calgary Flames batting - Pitching for Kelowna Heat : LHP Hector Jimenez
|
Pitching: LHP Hector Jimenez
|
|
Batting: RHB Elias Vences
|
0-0: Hit by Pitch
|
Batting: RHB Ryan Tatum
|
0-0: Fly out, F6 (Flyball, 6MD, EV 97.5 MPH)
|
Batting: RHB Eric McMillian
|
0-0: Ball 1-0: Ball 2-0: Swinging Strike 2-1: Swinging Strike 2-2: Strikes out swinging
|
Batting: RHB Mike MacLeod
|
0-0: Called Strike 0-1: Ball 1-1: Called Strike Elias Vences steals 2nd base 1-2: Foul Ball, location: 2F 1-2: Strikes out looking
|
Bottom of the 1st over - 0 runs, 0 hits, 0 errors, 1 left on base; Kelowna 0 - Calgary 0 |
TOP OF THE 2ND |
Kelowna Heat batting - Pitching for Calgary Flames : RHP Alberto Cuevas
|
Batting: RHB Jaime Rios
|
0-0: Called Strike 0-1: Swinging Strike 0-2: Foul Ball, location: 2F 0-2: Foul Ball, location: 2F 0-2: Foul Ball, location: 2F 0-2: Strikes out looking
|
Batting: RHB Coen Dirks
|
0-0: Foul Ball, location: 2F 0-1: SOLO HOME RUN (Flyball, 7D, EV 100.0 MPH), Distance : 399 ft
|
Batting: RHB Josh Truell
|
0-0: Ball 1-0: Called Strike 1-1: Ground out U3 (Groundball, 3L, EV 111.9 MPH)
|
Batting: RHB Ryan Roberts
|
0-0: Called Strike 0-1: Ball 1-1: Foul Ball, location: 2F 1-2: Strikes out swinging
|
Top of the 2nd over - 1 run, 1 hit, 0 errors, 0 left on base; Kelowna 1 - Calgary 0 |
BOTTOM OF THE 2ND |
Calgary Flames batting - Pitching for Kelowna Heat : LHP Hector Jimenez
|
Batting: LHB James McCauley
|
0-0: Ball 1-0: Foul Ball, location: 2F 1-1: Swinging Strike 1-2: Strikes out swinging
|
Batting: LHB Carlos Cuellar
|
0-0: Called Strike 0-1: Ground out U3 (Groundball, 3S, EV 85.0 MPH)
|
Batting: RHB Kevin Davis
|
0-0: Swinging Strike 0-1: Fly out, F4 (Line Drive, 4, EV 66.2 MPH)
|
Bottom of the 2nd over - 0 runs, 0 hits, 0 errors, 0 left on base; Kelowna 1 - Calgary 0 |
TOP OF THE 3RD |
Kelowna Heat batting - Pitching for Calgary Flames : RHP Alberto Cuevas
|
Batting: RHB Dave Putnam
|
0-0: Ball 1-0: Called Strike 1-1: Ball 2-1: Foul Ball, location: 2F 2-2: Fly out, F3 (Popup, 3SF, EV 78.8 MPH)
|
Batting: LHB Mason Duffy
|
0-0: DOUBLE (Line Drive, 3D, EV 100.6 MPH)
|
Batting: RHB Tony Harper
|
0-0: Ball 1-0: Called Strike 1-1: Foul Ball, location: 2F 1-2: Strikes out looking
|
Batting: LHB Steve Nevis
|
0-0: Called Strike 0-1: Called Strike 0-2: Strikes out looking
|
Top of the 3rd over - 0 runs, 1 hit, 0 errors, 1 left on base; Kelowna 1 - Calgary 0 |
BOTTOM OF THE 3RD |
Calgary Flames batting - Pitching for Kelowna Heat : LHP Hector Jimenez
|
Batting: RHB Alex Collazo
|
0-0: Ball 1-0: Ball 2-0: Foul Ball, location: 2F 2-1: Foul Ball, location: 2F 2-2: Strikes out looking
|
Batting: LHB Dean Luttman
|
0-0: Foul Ball, location: 2F 0-1: SINGLE (Flyball, 3D, EV 98.1 MPH)
|
Batting: RHB Elias Vences
|
0-0: Ball 1-0: Called Strike 1-1: Ball 2-1: Ball 3-1: Base on Balls Dean Luttman to second
|
Batting: RHB Ryan Tatum
|
0-0: Foul Ball, location: 3F, Error on foul ball, E3 0-1: Ball 1-1: Fielders Choice at 2nd, 4-6 (Groundball, 4, EV 85.0 MPH) Dean Luttman to third
|
Batting: RHB Eric McMillian
|
0-0: Ball 1-0: Called Strike 1-1: Ball 2-1: Foul Ball, location: 2F Pickoff Throw to First - Out! 1-3
|
Bottom of the 3rd over - 0 runs, 1 hit, 1 error, 1 left on base; Kelowna 1 - Calgary 0 |
TOP OF THE 4TH |
Kelowna Heat batting - Pitching for Calgary Flames : RHP Alberto Cuevas
|
Batting: LHB Chris West
|
0-0: Called Strike 0-1: Fly out, F9 (Line Drive, 9, EV 104.4 MPH)
|
Batting: RHB Jaime Rios
|
0-0: Ball 1-0: Ball 2-0: Ball 3-0: Called Strike 3-1: Base on Balls
|
Batting: RHB Coen Dirks
|
0-0: Ball 1-0: Ball 2-0: Ball 3-0: Called Strike 3-1: Foul Ball, location: 2F 3-2: Strikes out swinging Jaime Rios steals 2nd base Batter strikes out.
|
Batting: RHB Josh Truell
|
0-0: Called Strike 0-1: Called Strike 0-2: Ball 1-2: Strikes out swinging
|
Top of the 4th over - 0 runs, 0 hits, 0 errors, 1 left on base; Kelowna 1 - Calgary 0 |
BOTTOM OF THE 4TH |
Calgary Flames batting - Pitching for Kelowna Heat : LHP Hector Jimenez
|
Batting: RHB Eric McMillian
|
0-0: Foul Ball, location: 2F 0-1: Ball 1-1: Foul Ball, location: 2F 1-2: Ball 2-2: Foul Ball, location: 2F 2-2: Ball 3-2: SINGLE (Groundball, 4MD, EV 100.0 MPH)
|
Batting: RHB Mike MacLeod
|
0-0: Ball 1-0: Called Strike 1-1: Foul Ball, location: 2F 1-2: Foul Ball, location: 2F 1-2: Ball Eric McMillian is caught stealing 2nd base 2-4 2-2: Strikes out swinging
|
Batting: LHB James McCauley
|
0-0: SINGLE (Groundball, 34D, EV 106.2 MPH) (infield hit)
|
Batting: LHB Carlos Cuellar
|
0-0: Foul Ball, location: 2F 0-1: Ball 1-1: Ground out 5-3 (Groundball, 56S, EV 70.6 MPH)
|
Bottom of the 4th over - 0 runs, 2 hits, 0 errors, 1 left on base; Kelowna 1 - Calgary 0 |
TOP OF THE 5TH |
Kelowna Heat batting - Pitching for Calgary Flames : RHP Alberto Cuevas
|
Batting: RHB Ryan Roberts
|
0-0: Called Strike 0-1: Swinging Strike 0-2: Foul Ball, location: 2F 0-2: Strikes out swinging
|
Batting: RHB Dave Putnam
|
0-0: Ball 1-0: Foul Ball, location: 2F 1-1: Ground out 4-3 (Groundball, 4, EV 80.0 MPH)
|
Batting: LHB Mason Duffy
|
0-0: Swinging Strike 0-1: Ball 1-1: Swinging Strike 1-2: Foul Ball, location: 2F 1-2: Ground out U3 (Groundball, 34, EV 90.0 MPH)
|
Top of the 5th over - 0 runs, 0 hits, 0 errors, 0 left on base; Kelowna 1 - Calgary 0 |
BOTTOM OF THE 5TH |
Calgary Flames batting - Pitching for Kelowna Heat : LHP Hector Jimenez
|
Batting: RHB Kevin Davis
|
0-0: SINGLE (Line Drive, 8RS, EV 106.2 MPH)
|
Batting: RHB Alex Collazo
|
0-0: Called Strike 0-1: Foul Ball, location: 2F 0-2: Foul Ball, location: 2F 0-2: Strikes out swinging
|
Batting: LHB Dean Luttman
|
0-0: Fly out, F9 (Flyball, 9S, EV 90.0 MPH)
|
Batting: RHB Elias Vences
|
0-0: Ball 1-0: Ball 2-0: Foul Ball, location: 2F 2-1: Ball 3-1: Called Strike 3-2: TRIPLE (Flyball, 9D, EV 88.1 MPH) Kevin Davis scores
|
Batting: RHB Ryan Tatum
|
0-0: Ball 1-0: Ground out 4-3 (Groundball, 4MS, EV 87.5 MPH)
|
Bottom of the 5th over - 1 run, 2 hits, 0 errors, 1 left on base; Kelowna 1 - Calgary 1 |
TOP OF THE 6TH |
Kelowna Heat batting - Pitching for Calgary Flames : RHP Alberto Cuevas
|
Batting: RHB Tony Harper
|
0-0: Ball 1-0: Ground out 6-3 (Groundball, 6S, EV 70.6 MPH)
|
Batting: LHB Steve Nevis
|
0-0: Ball 1-0: Foul Ball, location: 2F 1-1: Called Strike 1-2: Ball 2-2: Strikes out swinging
|
Batting: LHB Chris West
|
0-0: Ball 1-0: Ball 2-0: Ball 3-0: Hit by Pitch
|
Batting: RHB Jaime Rios
|
0-0: Ground out 5-3 (Groundball, 56S, EV 70.0 MPH)
|
Top of the 6th over - 0 runs, 0 hits, 0 errors, 1 left on base; Kelowna 1 - Calgary 1 |
BOTTOM OF THE 6TH |
Calgary Flames batting - Pitching for Kelowna Heat : LHP Hector Jimenez
|
Batting: RHB Eric McMillian
|
0-0: Ball 1-0: Swinging Strike 1-1: Swinging Strike 1-2: SINGLE (Line Drive, 89M, EV 90.6 MPH)
|
Batting: RHB Mike MacLeod
|
0-0: Called Strike 0-1: Foul Ball, location: 2F 0-2: Ball 1-2: Ball 2-2: Ball 3-2: Fly out, F8 (Flyball, 89M, EV 96.9 MPH)
|
Pitching: RHP Chance Robinson
|
|
Batting: LHB James McCauley
|
0-0: Fly out, F8 (Flyball, 8LS, EV 85.6 MPH)
|
Batting: LHB Carlos Cuellar
|
0-0: Ball 1-0: Ground out 5-3 (Groundball, 56S, EV 83.1 MPH)
|
Bottom of the 6th over - 0 runs, 1 hit, 0 errors, 1 left on base; Kelowna 1 - Calgary 1 |
TOP OF THE 7TH |
Kelowna Heat batting - Pitching for Calgary Flames : RHP Alberto Cuevas
|
Batting: RHB Coen Dirks
|
0-0: Called Strike 0-1: Ball 1-1: Ball 2-1: Called Strike 2-2: Ball 3-2: DOUBLE (Flyball, 89D, EV 96.9 MPH)
|
Batting: RHB Josh Truell
|
0-0: Foul Ball, location: 2F 0-1: Ground out 6-3 (Groundball, 6D, EV 91.2 MPH) Coen Dirks to third
|
Batting: RHB Ryan Roberts
|
0-0: DOUBLE (Line Drive, 5D, EV 103.8 MPH) Coen Dirks scores
|
Batting: RHB Dave Putnam
|
0-0: Ball 1-0: Ball 2-0: Ball 3-0: Base on Balls
|
Batting: LHB Mason Duffy
|
0-0: SINGLE (Line Drive, 8RS, EV 100.6 MPH) Ryan Roberts to third Dave Putnam to second Runner from 3rd tries for Home, SAFE, throw by CF to home
|
Batting: RHB Tony Harper
|
0-0: Ball 1-0: Ball 2-0: SINGLE (Line Drive, 9S, EV 91.9 MPH) Dave Putnam to third Mason Duffy to second
|
Batting: LHB Steve Nevis
|
0-0: Fly out, F4 (Popup, 4, EV 65.6 MPH)
|
Batting: LHB Chris West
|
0-0: Foul Ball, location: 2F 0-1: Ball 1-1: Foul Ball, location: 2F 1-2: Strikes out swinging
|
Top of the 7th over - 2 runs, 4 hits, 0 errors, 3 left on base; Kelowna 3 - Calgary 1 |
BOTTOM OF THE 7TH |
Calgary Flames batting - Pitching for Kelowna Heat : RHP Chance Robinson
|
Pitching: LHP Christian Rogers
|
|
Batting: RHB Kevin Davis
|
0-0: Reached on error, E3 (Groundball, 23, EV 89.4 MPH)
|
Batting: RHB Alex Collazo
|
0-0: Ball 1-0: Called Strike 1-1: Foul Ball, location: 2F 1-2: Strikes out swinging
|
Pinch Hitting: RHB Ricardo Ortiz
|
0-0: Called Strike 0-1: Ball 1-1: Swinging Strike 1-2: Fly out, F9 (Flyball, 9LM, EV 91.9 MPH)
|
Batting: RHB Elias Vences
|
0-0: Called Strike 0-1: Called Strike 0-2: Ball Wild Pitch! Kevin Davis to second 1-2: Strikes out looking
|
Bottom of the 7th over - 0 runs, 0 hits, 1 error, 1 left on base; Kelowna 3 - Calgary 1 |
TOP OF THE 8TH |
Kelowna Heat batting - Pitching for Calgary Flames : RHP Alberto Cuevas
|
Now at 1B: Ricardo Ortiz
|
|
Batting: RHB Jaime Rios
|
0-0: Foul Ball, location: 2F 0-1: Called Strike 0-2: Strikes out swinging
|
Batting: RHB Coen Dirks
|
0-0: Called Strike 0-1: Ball 1-1: Ball 2-1: Foul Ball, location: 2F 2-2: Foul Ball, location: 2F 2-2: Foul Ball, location: 2F 2-2: Ball 3-2: Strikes out swinging
|
Batting: RHB Josh Truell
|
0-0: Ball 1-0: Ball 2-0: Ball 3-0: Called Strike 3-1: SOLO HOME RUN (Flyball, 8RXD, EV 106.9 MPH), Distance : 440 ft
|
Batting: RHB Ryan Roberts
|
0-0: Swinging Strike 0-1: Foul Ball, location: 2F 0-2: Foul Ball, location: 2F 0-2: Ball 1-2: Ball 2-2: Ball 3-2: Strikes out swinging
|
Top of the 8th over - 1 run, 1 hit, 0 errors, 0 left on base; Kelowna 4 - Calgary 1 |
BOTTOM OF THE 8TH |
Calgary Flames batting - Pitching for Kelowna Heat : LHP Christian Rogers
|
Pitching: LHP Jeff Briggs
|
|
Batting: RHB Ryan Tatum
|
0-0: Ball 1-0: Ball 2-0: Ball 3-0: Called Strike 3-1: Base on Balls
|
Batting: RHB Eric McMillian
|
0-0: Foul Ball, location: 2F 0-1: Ball 1-1: Ball 2-1: Foul Ball, location: 2F 2-2: Ball 3-2: Foul Ball, location: 2F 3-2: Base on Balls Ryan Tatum to second
|
Batting: RHB Mike MacLeod
|
0-0: Ball Wild Pitch! Ryan Tatum to third Eric McMillian to second 1-0: Called Strike 1-1: Swinging Strike Passed Ball! Ryan Tatum scores Eric McMillian to third 1-2: Ball Passed Ball! Eric McMillian scores 2-2: Ball 3-2: SOLO HOME RUN (Flyball, 7LD, EV 95.6 MPH), Distance : 373 ft
|
Pitching: RHP Sam Drews
|
|
Batting: LHB James McCauley
|
0-0: Ball 1-0: Swinging Strike 1-1: Ball 2-1: Foul Ball, location: 2F 2-2: Ball 3-2: Fly out, F5 (Popup, 56S, EV 81.2 MPH)
|
Batting: LHB Carlos Cuellar
|
0-0: Ball 1-0: Ball 2-0: SINGLE (Flyball, 78S, EV 94.4 MPH)
|
Batting: RHB Kevin Davis
|
0-0: Ball 1-0: Foul Ball, location: 2F 1-1: Ball 2-1: SINGLE (Groundball, 34D, EV 98.8 MPH) Carlos Cuellar to second Runner from 2nd tries for 3rd, SAFE, throw by RF made to third
|
Batting: RHB Alex Collazo
|
0-0: Ball 1-0: Called Strike 1-1: Swinging Strike 1-2: Foul Ball, location: 2F 1-2: Ball 2-2: Ball 3-2: TRIPLE (Line Drive, 78XD, EV 102.5 MPH) Carlos Cuellar scores Kevin Davis scores
|
Batting: RHB Ricardo Ortiz
|
0-0: Ball 1-0: Ball 2-0: Foul Ball, location: 2F 2-1: Foul Ball, location: 2F 2-2: Strikes out looking
|
Batting: RHB Elias Vences
|
0-0: Foul Ball, location: 2F 0-1: Fly out, F9 (Flyball, 9D, EV 105.0 MPH)
|
Bottom of the 8th over - 5 runs, 4 hits, 0 errors, 1 left on base; Kelowna 4 - Calgary 6 |
TOP OF THE 9TH |
Kelowna Heat batting - Pitching for Calgary Flames : RHP Alberto Cuevas
|
Pitching: RHP Colin Dorsey
|
|
Batting: RHB Dave Putnam
|
0-0: Foul Ball, location: 2F 0-1: DOUBLE (Groundball, 5L, EV 102.5 MPH)
|
Batting: LHB Mason Duffy
|
0-0: Fly out, F7 (Flyball, 7LM, EV 93.1 MPH)
|
Batting: RHB Tony Harper
|
0-0: Called Strike 0-1: SINGLE (Groundball, 4D, EV 94.4 MPH) Dave Putnam to third
|
Batting: LHB Steve Nevis
|
0-0: Ball 1-0: Ball 2-0: Called Strike 2-1: Swinging Strike 2-2: SINGLE (Line Drive, 56D, EV 99.4 MPH) Dave Putnam scores Tony Harper to second
|
Batting: LHB Chris West
|
0-0: Ball 1-0: SINGLE (Groundball, 34D, EV 95.0 MPH) Tony Harper to third Steve Nevis to second Runner from 3rd tries for Home, SAFE, throw by RF to home
|
Batting: RHB Jaime Rios
|
0-0: Ball 1-0: Grounds into double play, 4-6-3 (Groundball, 4, EV 103.8 MPH)
|
Top of the 9th over - 2 runs, 4 hits, 0 errors, 1 left on base; Kelowna 6 - Calgary 6 |
BOTTOM OF THE 9TH |
Calgary Flames batting - Pitching for Kelowna Heat : RHP Sam Drews
|
Pitching: RHP Harry Dickson
|
|
Batting: RHB Ryan Tatum
|
0-0: Fly out, F9 (Line Drive, 9, EV 95.6 MPH)
|
Batting: RHB Eric McMillian
|
0-0: Ball 1-0: Fly out, F7 (Flyball, 7LM, EV 85.6 MPH)
|
Batting: RHB Mike MacLeod
|
0-0: Ball 1-0: SINGLE (Flyball, 4MD, EV 88.1 MPH)
|
Batting: LHB James McCauley
|
0-0: Ball 1-0: Foul Ball, location: 2F 1-1: Ball 2-1: Swinging Strike 2-2: Strikes out swinging
|
Bottom of the 9th over - 0 runs, 1 hit, 0 errors, 1 left on base; Kelowna 6 - Calgary 6 |
TOP OF THE 10TH |
Kelowna Heat batting - Pitching for Calgary Flames : RHP Colin Dorsey
|
Batting: RHB Coen Dirks
|
0-0: Called Strike 0-1: Ground out 6-3 (Groundball, 6, EV 90.6 MPH)
|
Batting: RHB Josh Truell
|
0-0: Foul Ball, location: 2F 0-1: SINGLE (Line Drive, 34D, EV 102.5 MPH)
|
Pitching: LHP Ricardo de la Torre
|
|
Batting: RHB Ryan Roberts
|
0-0: Foul Ball, location: 2F 0-1: Ball 1-1: Fly out, F5 (Flyball, 56D, EV 88.8 MPH)
|
Batting: RHB Dave Putnam
|
0-0: Ball 1-0: Ball 2-0: Foul Ball, location: 2F 2-1: Swinging Strike 2-2: Ball 3-2: Base on Balls Josh Truell to second
|
Batting: LHB Mason Duffy
|
0-0: Ball 1-0: SINGLE (Flyball, 34D, EV 91.9 MPH) Josh Truell to third Dave Putnam to second Runner from 3rd tries for Home, SAFE, throw by RF to home
|
Pinch Runner at 2nd Malik Sharpless:
|
|
Batting: RHB Tony Harper
|
0-0: Swinging Strike 0-1: Ball 1-1: Ball 2-1: Foul Ball, location: 2F 2-2: Foul Ball, location: 2F 2-2: Ball 3-2: SINGLE (Groundball, 4D, EV 101.2 MPH) Malik Sharpless to third Mason Duffy to second Malik Sharpless scores Mason Duffy to third
|
Pitching: RHP Brice MacKenzie
|
|
Batting: LHB Steve Nevis
|
0-0: Called Strike 0-1: Foul Ball, location: 2F 0-2: Ball 1-2: Ball 2-2: Fly out, F8 (Flyball, 8RM, EV 89.4 MPH)
|
Top of the 10th over - 2 runs, 3 hits, 0 errors, 2 left on base; Kelowna 8 - Calgary 6 |
BOTTOM OF THE 10TH |
Calgary Flames batting - Pitching for Kelowna Heat : RHP Harry Dickson
|
Now at 2B: Malik Sharpless
|
|
Now at SS: Josh Truell
|
|
Batting: LHB Carlos Cuellar
|
0-0: Ball 1-0: Called Strike 1-1: Swinging Strike 1-2: Foul Ball, location: 2F 1-2: Strikes out looking
|
Batting: RHB Kevin Davis
|
0-0: Ball 1-0: Foul Ball, location: 2F 1-1: Ground out 4-3 (Groundball, 4M, EV 90.6 MPH)
|
Pitching: LHP Jimmy Heinecke
|
|
Batting: RHB Alex Collazo
|
0-0: Swinging Strike 0-1: Foul Ball, location: 2F 0-2: Strikes out swinging
|
Bottom of the 10th over - 0 runs, 0 hits, 0 errors, 0 left on base; Kelowna 8 - Calgary 6 |
|